 Dungeon Crawl Stone Soup version 0.21.1-1-g345015f (webtiles) character file.

80 kae the Insei (level 4, -2/34 HPs)
             Began as a Gnoll Transmuter on May 31, 2018.
             Was an Initiate of Okawaru.
             Killed from afar by a white imp (7 damage)
             ... with a puff of frost
             ... summoned by Natasha
             ... on level 2 of the Dungeon.
             The game lasted 00:01:24 (1253 turns).

kae the Insei (Gnoll Transmuter)                    Turns: 1253, Time: 00:01:26

Health: -2/34      AC:  3    Str: 12    XL:     4   Next: 39%
Magic:  11/11      EV: 15    Int: 16    God:    Okawaru [......]
Gold:   81         SH:  0    Dex: 16    Spells: 12/13 levels left

rFire    . . .     SeeInvis +   j - +0 whip (elec)
rCold    . . .     Gourm    .   (no shield)
rNeg     . . .     Faith    .   b - +0 robe
rPois    .         Spirit   .   (no helmet)
rElec    .         Reflect  .   (no cloak)
rCorr    .         Harm     .   (no gloves)
MR       .....                  h - +0 pair of boots
Stlth    ++........             (no amulet)
HPRegen  0.11/turn              g - ring of see invisible
MPRegen  0.12/turn              (no ring)

@: hasted and slowed
A: distributed training, fangs 1, strong nose
a: Renounce Religion


You were on level 2 of the Dungeon.
You worshipped Okawaru.
Okawaru was noncommittal.
You were not hungry.

You visited 1 branch of the dungeon, and saw 2 of its levels.

You collected 81 gold pieces.

Inventory:

Hand Weapons
 j - a +0 whip of electrocution (weapon)
Missiles
 a - 38 arrows
Armour
 b - a +0 robe (worn)
 h - a +0 pair of boots (worn)
Jewellery
 g - a ring of see invisible (left hand)
Scrolls
 e - 2 scrolls of remove curse {unknown}
 i - a scroll of noise {unknown}
 l - a scroll of immolation {unknown}
Potions
 f - 2 potions of might {unknown}
 n - a potion of heal wounds {unknown}
 o - a potion of degeneration {unknown}
Books
 c - a book of Changes

   Spells                             Type                      Level
   a - Beastly Appendage              Transmutation                1
   b - Sticks to Snakes               Transmutation                2
   c - Spider Form                    Transmutation/Poison         3
   d - Ice Form                       Ice/Transmutation            4
   e - Blade Hands                    Transmutation                5
Comestibles
 d - 2 rations
 k - a chunk of flesh


   Skills:
 + Level 2.7 Fighting
 + Level 1.1 Short Blades
 + Level 1.1 Long Blades
 + Level 1.1 Axes
 + Level 1.1 Maces & Flails
 + Level 1.1 Polearms
 + Level 1.1 Staves
 + Level 1.1 Slings
 + Level 1.1 Bows
 + Level 1.1 Crossbows
 + Level 1.1 Throwing
 + Level 1.1 Armour
 + Level 4.6 Dodging
 + Level 1.1 Stealth
 + Level 1.1 Shields
 + Level 6.6 Unarmed Combat
 + Level 5.0 Spellcasting
 + Level 0.8 Conjurations
 + Level 0.8 Hexes
 + Level 0.8 Charms
 + Level 0.8 Summonings
 + Level 0.8 Necromancy
 + Level 0.8 Translocations
 + Level 3.8 Transmutations
 + Level 0.8 Fire Magic
 + Level 0.8 Ice Magic
 + Level 0.8 Air Magic
 + Level 0.8 Earth Magic
 + Level 0.8 Poison Magic
 + Level 1.2 Invocations
 + Level 1.1 Evocations


You had 12 spell levels left.
You knew the following spells:

 Your Spells              Type           Power        Failure   Level  Hunger
a - Beastly Appendage     Tmut           ###...       3%          1    None


Dungeon Overview and Level Annotations

Branches:
Dungeon (2/15)

Altars:
Cheibriados
Dithmenos
Elyvilon
Gozag
Kikubaaqudgha
Okawaru
Ru
Uskayaw

Annotations:
D:2 Natasha


Innate Abilities, Weirdness & Mutations

Your experience applies equally to all skills.
You have very sharp teeth.
Your uncanny sense of smell can sniff out nearby items.


Message History

Natasha mumbles some strange words.
Natasha stares at you and mumbles some strange words.
You resist with some effort.
Natasha mumbles some strange words.
Natasha glows brightly for a moment.
Natasha casts a spell at you. You resist with some effort.
Natasha zaps a wand.
You resist with some effort.
Natasha mumbles some strange words.
You feel troubled.
Natasha stares at you and mumbles some strange words.
You resist with some effort.
Natasha stares at you and mumbles some strange words.
You feel as though you will be slow longer.
Natasha casts a spell.
Natasha wildly gestures.
Natasha glows brightly for a moment.
The white imp gestures at you. The puff of frost hits you!
You die...

#.# .######...# ..# .#
##<## ## ... #.#### ### #.
... #.##.. ..# #. #.##
#.##.# #.# #. +# #.##.#
#.# #. #.##.# #.# #.
#.##.# #.# #. #.##@#
#######.###.
#####..#.#####...........
..........5.h5...........#
#####.....#####.#####.....
...............#####..###
####..................#
##...#############.# ##.##
#.. ### ####


You could see a white imp.

Vanquished Creatures
  Natasha (D:2)
  An adder (D:2)
  A worm (D:2)
  2 leopard geckos
  6 bats
  3 giant cockroaches
  2 goblins
  5 hobgoblins
  9 kobolds
  6 frilled lizards
  5 rats
41 creatures vanquished.

Notes
Turn   | Place    | Note
-------+----------+-------------------------------------------
     0 | D:1      | kae the Gnoll Transmuter began the quest for the Orb.
     0 | D:1      | Reached XP level 1. HP: 17/17 MP: 6/6
   132 | D:1      | Reached XP level 2. HP: 16/23 MP: 7/7
   549 | D:1      | Reached XP level 3. HP: 28/28 MP: 7/9
   624 | D:1      | Reached skill level 5 in Spellcasting
   917 | D:2      | Found a snail-covered altar of Cheibriados.
   925 | D:2      | Found a sacrificial altar of Ru.
   929 | D:2      | Reached skill level 1 in Invocations
   933 | D:2      | Found an iron altar of Okawaru.
   933 | D:2      | Found an ancient bone altar of Kikubaaqudgha.
   933 | D:2      | Found a white marble altar of Elyvilon.
   934 | D:2      | Found a shadowy altar of Dithmenos.
   935 | D:2      | Found a hide-covered altar of Uskayaw.
   937 | D:2      | Found an opulent altar of Gozag.
   977 | D:2      | Became a worshipper of Warmaster Okawaru
  1055 | D:2      | Noticed Natasha
  1059 | D:2      | Killed Natasha
  1059 | D:2      | Reached skill level 1 in Short Blades
  1059 | D:2      | Reached skill level 1 in Long Blades
  1059 | D:2      | Reached skill level 1 in Axes
  1059 | D:2      | Reached skill level 1 in Maces & Flails
  1059 | D:2      | Reached skill level 1 in Polearms
  1059 | D:2      | Reached skill level 1 in Staves
  1059 | D:2      | Reached skill level 1 in Slings
  1059 | D:2      | Reached skill level 1 in Bows
  1059 | D:2      | Reached skill level 1 in Crossbows
  1059 | D:2      | Reached skill level 1 in Throwing
  1059 | D:2      | Reached skill level 1 in Armour
  1059 | D:2      | Reached skill level 1 in Stealth
  1059 | D:2      | Reached skill level 1 in Shields
  1059 | D:2      | Reached skill level 1 in Evocations
  1059 | D:2      | Reached XP level 4. HP: 30/34 MP: 11/11
  1221 | D:2      | Noticed Natasha
  1253 | D:2      | Killed from afar by a white imp

Skill      XL: |  1  2  3 |
---------------+----------+-----
Spellcasting   | 5 |  5.0
Invocations    | 1 |  1.2
Short Blades   | 1 |  1.1
Long Blades    | 1 |  1.1
Axes           | 1 |  1.1
Maces & Flails | 1 |  1.1
Polearms       | 1 |  1.1
Staves         | 1 |  1.1
Slings         | 1 |  1.1
Bows           | 1 |  1.1
Crossbows      | 1 |  1.1
Throwing       | 1 |  1.1
Armour         | 1 |  1.1
Stealth        | 1 |  1.1
Shields        | 1 |  1.1
Evocations     | 1 |  1.1
Fighting       | |  2.7
Dodging        | |  4.6
Unarmed Combat | |  6.6
Conjurations   | |  0.8
Hexes          | |  0.8
Charms         | |  0.8
Summonings     | |  0.8
Necromancy     | |  0.8
Translocations | |  0.8
Transmutations | |  3.8
Fire Magic     | |  0.8
Ice Magic      | |  0.8
Air Magic      | |  0.8
Earth Magic    | |  0.8
Poison Magic   | |  0.8

Action                   |  1- 3 |  4- 6 || total
-------------------------+-------+-------++-------
Melee: Unarmed           |    58 |     6 ||    64
       Bite              |     6 |       ||     6
       Headbutt          |     3 |     2 ||     5
       Kick              |     1 |       ||     1
       Whip              |    26 |    19 ||    45
 Cast: Beastly Appendage |    16 |     3 ||    19
  Use: Potion            |       |     1 ||     1
 Stab: Sleeping          |     3 |       ||     3
  Eat: Chunk             |       |     1 ||     1
Armor: Robe              |    24 |     3 ||    27
Dodge: Dodged            |    62 |    25 ||    87
